Map: Ascension to Aiur LE

Players

kcpeders - Winner!

  • Race: Protoss Protoss
  • League: Platinum
  • Spawn Location: 5:00

Juxtapose

  • Race: Zerg Zerg
  • League: Gold
  • Spawn Location: 11:00

VOD

https://youtu.be/J9_BMTFofd8

Description

The Oracles, I was prepared for. The Void Rays, not so much.

Very nice playing against another Random player though!

Time

  • Played on: Dec. 22, 2017, 9:21 p.m.
  • Length: 9:13
Show
View Real Time Build Order
Export as new Build Order

kcpeders Protoss - Winner!

Build Orders: Oracle Opening 

Get SALT Encoding   

  12  0:01  Probe  
  13  0:13  Probe  
  14  0:18  Pylon  
  14  0:25  Probe  
  15  0:29  Assimilator  
  15  0:37  Probe  
  16  0:45  Gateway  
  16  0:49  Probe  
  17  0:56  Assimilator  
  17  1:01  Probe  
  18  1:13  Probe  
  19  1:25  Probe  
  20  1:32  Cybernetics Core  
  20  1:37  Probe  
  20  1:38  Zealot  
  23  1:46  Pylon  
  23  1:57  Pylon  
  23  2:04  Probe  
  24  2:10  Stargate  
  24  2:16  Stargate  
  24  2:20  Probe  
  25  2:54  Oracle x2 (Chrono Boost)  
  31  3:13  Pylon  
  31  3:21  Oracle (Chrono Boost)  
  31  3:24  Nexus  
  34  4:00  Zealot  
  36  4:16  Void Ray (Chrono Boost)  
  37  4:20  Void Ray (Chrono Boost)  
  41  4:27  Zealot  
  43  4:33  Forge  
  43  4:38  Pylon  
  43  4:39  Probe x2  
  45  4:50  Warp Gate (Chrono Boost)  
  45  4:51  Probe  
  46  4:55  Gateway  
  46  5:34  Void Ray x2  
  54  6:00  Zealot x2  
  54  6:02  Protoss Ground Weapons Level 1 (Chrono Boost)  
  58  6:07  Photon Cannon  
  58  6:08  Photon Cannon  
  60  6:13  Probe (Chrono Boost)  
  60  6:20  Probe (Chrono Boost)  
  60  6:21  Probe (Chrono Boost)  
  60  6:22  Probe  
  60  6:24  Probe  
  57  7:02  Void Ray x2  
  57  7:04  Zealot  
  57  7:07  Zealot  
  69  7:26  Probe  
  69  7:27  Pylon  
  69  7:29  Pylon  
  70  7:42  Probe x2, Zealot  
  70  7:45  Zealot  
  72  7:54  Probe  
  63  8:56  Gateway  
  63  8:58  Gateway  
  63  9:01  Gateway  
Show
View Real Time Build Order
Export as new Build Order

Juxtapose Zerg 

Build Orders: Hatch First 

Get SALT Encoding   

  12  0:01  Drone  
  13  0:08  Drone  
  14  0:17  Overlord  
  14  0:36  Drone x2  
  16  0:51  Hatchery  
  16  0:53  Drone  
  16  1:02  Extractor  
  16  1:03  Drone  
  16  1:15  Spawning Pool  
  15  1:19  Drone  
  16  1:30  Overlord  
  16  1:31  Drone  
  17  1:43  Drone  
  17  1:45  Drone  
  19  1:53  Drone  
  20  2:04  Drone  
  20  2:05  Drone  
  20  2:06  Queen  
  24  2:15  Queen  
  26  2:31  Spore Crawler  
  26  2:32  Drone x2  
  26  2:34  Drone  
  26  2:35  Drone  
  29  2:38  Spore Crawler  
  28  2:48  Overlord  
  28  2:49  Drone x2  
  30  2:55  Drone  
  31  3:00  Extractor  
  31  3:01  Zergling x2  
  31  3:02  Zergling x2  
  32  3:10  Roach Warren  
  32  3:11  Zergling x2  
  32  3:20  Lair  
  32  3:26  Drone x3  
  35  3:31  Drone x2  
  33  3:49  Queen  
  33  3:52  Drone  
  33  3:53  Drone x4  
  39  4:15  Roach x2  
  39  4:17  Overlord x2  
  43  4:24  Drone  
  44  4:34  Queen  
  44  4:37  Hydralisk Den  
  45  4:41  Evolution Chamber  
  45  4:42  Overseer x2  
  45  4:45  Roach x5  
  54  4:50  Drone  
  55  4:53  Drone  
  55  4:55  Roach  
  58  5:00  Overseer  
  58  5:21  Overlord x4  
  54  5:36  Hydralisk Den  
  53  5:43  Ravager x2  
  53  5:44  Ravager  
  56  6:03  Spawning Pool  
  56  6:04  Drone x3  
  56  6:08  Hydralisk x2  
  62  6:16  Drone  
  63  6:19  Extractor  
  63  6:22  Extractor  
  61  6:31  Hydralisk x2  
  57  6:47  Hydralisk x2  
  40  7:09  Queen  
  40  7:15  Hydralisk x3  
  43  7:29  Hydralisk x2  
  43  7:30  Hydralisk  
  36  7:45  Queen  
  36  7:49  Hydralisk  
Tags
 
Add a new tag
Caveats
  • Supply blocks, unpowered buildings, or Contaminate may cause inaccurate times.
  • Supply counts are checked every 10 seconds.